 Dungeon Crawl Stone Soup version 0.29.1-12-g30fa7ad0bf (webtiles) character file.

Game seed: 8081138293124252915

1006 renven the Cleaver (level 8, 0/66 HPs)
             Began as a Hill Orc Fighter on Jan 10, 2023.
             Slain by an acid dragon (13 damage)
             ... on level 5 of the Dungeon.
             The game lasted 01:04:54 (5278 turns).

renven the Cleaver (Hill Orc Fighter)               Turns: 5278, Time: 01:04:55

Health: 0/66       AC:  3    Str: 21    XL:     8   Next: 20%
Magic:  8/8        EV:  8    Int:  8    God:
Gold:   304        SH:  8    Dex: 10    Spells: 6/7 levels left

rFire   . . .      SeeInvis .   a - +1 war axe
rCold   . . .      Faith    .   p - +0 kite shield
rNeg    . . .      Spirit   .   b - +0 scale mail
rPois   .          Reflect  .   (no helmet)
rElec   .          Harm     .   (no cloak)
rCorr   .          Rampage  .   (no gloves)
Will    .....                   (no boots)
Stlth   ..........              n - amulet of regeneration
HPRegen 1.01/turn               (no ring)
MPRegen 0.11/turn               (no ring)

@: corroded
A: no striking features
a: no special abilities


You were on level 5 of the Dungeon.
You visited 2 branches of the dungeon, and saw 7 of its levels.

You collected 304 gold pieces.

Inventory:

Hand Weapons
 a - a +1 war axe (weapon)
 i - a +0 whip of electrocution
 o - a +1 dagger of holy wrath
Armour
 b - a +0 scale mail (worn)
 c - a +0 buckler
 p - a +0 kite shield (worn)
Jewellery
 n - an amulet of regeneration (around neck)
Wands
 t - a wand of flame (18)
Scrolls
 k - a scroll of fear
 l - 3 scrolls of teleportation
 q - a scroll of summoning {unknown}
 v - a scroll of torment {unknown}
 w - a scroll of noise {unknown}
Potions
 d - 2 potions of might
 e - 3 potions of mutation
 f - a potion of flight
 g - 3 potions of curing
 h - a potion of berserk rage {unknown}
 j - a potion of heal wounds {unknown}
 m - a potion of haste {unknown}
 r - a potion of brilliance {unknown}
 s - a potion of lignification {unknown}
 u - a potion of cancellation {unknown}


   Skills:
 - Level 4.1 Fighting
 + Level 10.2 Axes
 - Level 3.8 Throwing
 - Level 3.7 Armour
 - Level 3.7 Shields


You had 6 spell levels left.
You knew the following spells:

 Your Spells              Type           Power      Damage    Failure   Level
a - Beastly Appendage     Tmut           0%         N/A       98%         1

Your spell library contained the following spells:

 Spells                   Type           Power      Damage    Failure   Level
 Wereblood                Tmut           0%         N/A       99%         2
 Gell's Gravitas          Tloc           0%         N/A       100%        3
 Spider Form              Tmut/Pois      0%         N/A       100%        3
 Teleport Other           Tloc           0%         N/A       100%        3
 Dispersal                Tloc           0%         N/A       100%        6


Dungeon Overview and Level Annotations

Branches:
Dungeon (6/15)             Temple (1/1) D:4

Altars:
Cheibriados
Dithmenos
Elyvilon
Fedhas
Gozag
Hepliaklqana
Makhleb
Nemelex Xobeh
Okawaru
Qazlal
Ru
Sif Muna
Uskayaw
Vehumet
Yredelemnul
Zin
The Shining One

Shops:
D:1 (   D:5 *

Annotations:
D:3 Sigmund
D:4 3 runed translucent doors, p0werm0de's ghost, novice PaIE


Message History

d - 2 potions of might (gained 1)
An acid dragon comes into view.
The acid dragon roars!
An acid dragon is nearby!
The acid dragon spits acid at you. The splash of acid hits you!
The acid dragon spits acid at you. The splash of acid hits you!!
You slash the acid dragon!
The acid dragon is moderately wounded.
You block the acid dragon's attack. x2
You slash the acid dragon!
The acid dragon is severely wounded.
You block the acid dragon's attack. The acid dragon claws you.
The acid dragon spits acid at you. You block the splash of acid.
You closely miss the acid dragon.
The acid dragon is severely wounded.
The acid dragon bites you but does no damage.
The acid dragon claws you.
You hit the acid dragon but do no damage.
The acid dragon is severely wounded.
The acid dragon bites you but does no damage.
You block the acid dragon's attack.
You barely miss the acid dragon.
The acid dragon is severely wounded.
The acid dragon bites you. The acid dragon claws you.
You hit the acid dragon but do no damage.
The acid dragon is severely wounded.
The acid dragon closely misses you. The acid dragon claws you.
You hit the acid dragon but do no damage.
The acid dragon is severely wounded.
The acid dragon spits acid at you. The splash of acid hits you!
* * * LOW HITPOINT WARNING * * *
The acid corrodes you!
You closely miss the acid dragon.
The acid dragon is severely wounded.
The acid dragon bites you!
You die...

#.# #........ #
#########.# #........ .
.... ..#.# # #.####### #
#...#.#.#.# #.# #...'
###...#.#.#.####.###.###
####
#...........#....)...# #
...#
#.#...#.#.#.#.##.#######
...##### #.D
#.#.#.#.##........
.......#
#.#...#@#.#.#...##....##
>..W....
......D.......8..##.....
...#.###
#.###.#.#.........#....#
.......# #
#.#.#...8.....# ..##
.......# # #.#......<..#
..# ...##.##
#.#...8.....# .. †..# #
#.#.........# ...#
#.#.....8..## ...#
..#..>....##


You could see an acid dragon.

Vanquished Creatures
  A shadow (D:5)
  A water moccasin (D:6)
  A phantom (D:5)
  2 scorpions
  A howler monkey (D:4)
  5 hounds
  2 iguanas
  Terence (D:2)
  A mummy (D:4)
  Robin (D:2)
  8 gnolls
  9 adders
  A white imp (D:5)
  2 ufetubi
  2 dart slugs
  4 orcs
  7 endoplasms
  2 giant cockroaches (D:1)
  10 goblins (D:2)
  6 hobgoblins
  4 jackals (D:3)
  10 kobolds
  7 quokkas
  5 ball pythons
  5 bats
  7 frilled lizards
  A hobgoblin zombie (D:4)
  A kobold zombie (D:4)
  2 orc zombies (D:4)
  6 rats
115 creatures vanquished.

Notes
Turn   | Place    | Note
-------+----------+-------------------------------------------
     0 | D:1      | renven the Hill Orc Fighter began the quest for the Orb.
     0 | D:1      | Reached XP level 1. HP: 19/19 MP: 1/1
   122 | D:1      | Found Buaruq's Weapon Shoppe.
   132 | D:1      | Reached XP level 2. HP: 21/27 MP: 2/2
   294 | D:1      | Found a faded altar of an unknown god.
   677 | D:1      | Reached skill level 3 in Axes
   784 | D:2      | Found an opulent altar of Gozag.
   793 | D:2      | Reached XP level 3. HP: 30/33 MP: 3/3
  1009 | D:2      | HP: 1/33 [poisoned by an adder]
  1563 | D:2      | Noticed Terence
  1573 | D:2      | Killed Terence
  1574 | D:2      | Reached skill level 4 in Axes
  1574 | D:2      | Reached skill level 1 in Throwing
  1574 | D:2      | Reached XP level 4. HP: 26/40 MP: 4/4
  1987 | D:2      | Noticed Robin
  1999 | D:2      | Killed Robin
  2145 | D:3      | Found a blossoming altar of Fedhas.
  2161 | D:3      | Reached XP level 5. HP: 46/46 MP: 5/5
  2406 | D:3      | Learned a level 1 spell: Beastly Appendage
  2751 | D:3      | Reached skill level 5 in Axes
  2819 | D:3      | Noticed Sigmund
  3165 | D:4      | Found a staircase to the Ecumenical Temple.
  3176 | Temple   | Entered the Ecumenical Temple
  3508 | D:4      | You fall into a shaft and drop 1 floor!
  3508 | D:5      | Entered Level 5 of the Dungeon
  3539 | D:5      | Found Julienyu's Mass Market.
  3547 | D:5      | Reached XP level 6. HP: 52/52 MP: 6/6
  3652 | D:5      | Noticed a shadow
  3779 | D:6      | Reached skill level 6 in Axes
  3828 | D:6      | Noticed a water moccasin
  3838 | D:6      | Killed a water moccasin
  4016 | D:6      | Reached skill level 7 in Axes
  4016 | D:6      | Reached XP level 7. HP: 59/59 MP: 7/7
  4173 | D:5      | Reached skill level 8 in Axes
  4195 | D:5      | Killed a shadow
  4196 | D:5      | Reached skill level 9 in Axes
  4595 | D:4      | Found a runed translucent gate.
  4595 | D:4      | Found a runed translucent gate.
  4595 | D:4      | Found a runed translucent gate.
  4612 | D:4      | Reached XP level 8. HP: 66/66 MP: 8/8
  4775 | D:4      | Reached skill level 10 in Axes
  5001 | D:4      | Noticed p0werm0de's ghost (novice PaIE)
  5278 | D:5      | Slain by an acid dragon

Illustrated notes

Levels and vault maps discovered:
D:1:      nzn_arrival_water_spiral, layout_basic,
          shapermc_ecumenical_altar_venn, serial_shops, nicolae_shop_stone
D:2:      layout_loops_cross, basic_altar, uniq_terence, uniq_robin
D:3:      layout_loops_ring, old_standard_altar, uniq_sigmund
D:4:      layout_basic, minmay_temple_entry_hall, gammafunk_ghost_icy,
          minmay_mini_ossuary
D:5:      layout_basic, palyth_stone_intersect, grunt_ministairs_9,
          minmay_shop_mass, kennysheep_potato
D:6:      layout_basic, lemuel_crystal_altar
Temple:   nicolae_temple_elliptical

Skill      XL: |  1  2  3  4  5  6  7  8 |
---------------+-------------------------+-----
Fighting       | 4 |  4.1
Axes           | 3 4 5 7 9 10 | 10.2
Throwing       | 1 2 3 |  3.8
Armour         | |  3.7
Shields        | |  3.7

Action                   |  1- 3 |  4- 6 |  7- 9 || total
-------------------------+-------+-------+-------++-------
Melee: War axe           |    90 |   147 |   105 ||   342
Throw: Stone             |    23 |    23 |     2 ||    48
Evoke: Wand              |       |     7 |     2 ||     9
  Use: Scroll            |     6 |     6 |       ||    12
       Potion            |       |     1 |       ||     1
Armor: Scale mail        |    56 |    60 |    24 ||   140
Dodge: Dodged            |    31 |    61 |    32 ||   124
Block: Buckler           |    17 |     9 |       ||    26
       Kite shield       |       |    42 |    40 ||    82
